 Dungeon Crawl Stone Soup version 0.24-a0-271-ga0fc33f (webtiles) character file.

Game seed: 17256973150020889051

392 nikopol the Magician (level 6, -8/33 HPs)
             Began as a Deep Elf Fire Elementalist on Apr 23, 2019.
             Mangled by an orc priest
             ... wielding a +0 trident
              (9 damage)
             ... on level 4 of the Dungeon.
             The game lasted 00:10:09 (3469 turns).

nikopol the Magician (Deep Elf Fire Elementalist)   Turns: 3469, Time: 00:10:10

Health: -8/33      AC:  2    Str:  5    XL:     6   Next: 51%
Magic:  8/16       EV: 13    Int: 22    God:
Gold:   152        SH:  0    Dex: 15    Spells: 5/15 levels left

rFire    . . .     SeeInvis .   b - +3 dagger (protect)
rCold    . . .     Gourm    .   (no shield)
rNeg     . . .     Faith    .   a - +0 robe
rPois    .         Spirit   .   (no helmet)
rElec    .         Reflect  .   (no cloak)
rCorr    .         Harm     .   (no gloves)
MR       .....                  (no boots)
Stlth    ++........             (no amulet)
HPRegen  0.11/turn              (no ring)
MPRegen  0.15/turn              (no ring)

@: very slightly contaminated
A: no striking features
a: no special abilities


You were on level 4 of the Dungeon.
You were not hungry.

You visited 1 branch of the dungeon, and saw 4 of its levels.

You collected 152 gold pieces.

Inventory:

Hand Weapons
 b - a +3 dagger of protection (weapon)
Armour
 a - a +0 robe (worn)
Jewellery
 i - an uncursed ring of see invisible {unknown}
 l - an uncursed amulet of guardian spirit {unknown}
Scrolls
 d - 3 scrolls of teleportation {unknown}
 e - a scroll of noise {unknown}
 g - a scroll of fear {unknown}
 h - 2 scrolls of identify {unknown}
 j - a scroll of enchant armour {unknown}
 k - 3 scrolls of remove curse {unknown}
 p - a scroll of magic mapping {unknown}
Potions
 f - a potion of heal wounds {unknown}
 m - a potion of cancellation {unknown}
 o - a potion of ambrosia {unknown}
Comestibles
 c - 8 rations
 n - 2 chunks of flesh


   Skills:
 + Level 0.7 Fighting
 + Level 0.1 Short Blades
 + Level 3.0 Dodging
 + Level 3.2 Stealth
 + Level 5.4 Spellcasting
 + Level 3.7 Conjurations
 + Level 5.2 Fire Magic


You had 5 spell levels left.
You knew the following spells:

 Your Spells              Type           Power        Failure   Level  Hunger
a - Flame Tongue          Conj/Fire      ####.        1%          1    None
b - Throw Flame           Conj/Fire      ####..       2%          2    None
c - Conjure Flame         Conj/Fire      ####....     4%          3    ##.....
d - Sticky Flame          Conj/Fire      ####....     16%         4    ####...

Your spell library contained the following spells:

 Spells                   Type           Power        Failure   Level  Hunger
 Inner Flame              Hex/Fire       ###.....     10%         3    ##.....
 Fireball                 Conj/Fire      ####......   38%         5    #####..


Dungeon Overview and Level Annotations

Branches:
Dungeon (4/15)
 Temple: D:4-7

Altars:
Elyvilon
Nemelex Xobeh
Xom

Annotations:
D:2 2 transporters


Message History

The orc priest hits you from afar with a +0 trident!
You hear some strange, mumbled words.
A magic dart appears from out of thin air!
The magic dart hits you.
* * * LOW HITPOINT WARNING * * *
A magic dart appears from out of thin air!
The magic dart hits you.
* * * LOW HITPOINT WARNING * * *
You bump into the rock wall.
You feel less confused.
Casting: Flame Tongue (safe; 1% risk of failure)
Confirm with . or Enter, or press ? or * to list all spells.
Aiming: Sticky Flame (slightly dangerous; 16% risk of failure)
Press: ? - help, Shift-Dir - straight line You miscast Sticky Flame.
You are very lightly contaminated with residual magic.
Wisps of smoke drift from your hands. Something hits you.
* * * LOW HITPOINT WARNING * * *
The orc priest hits you from afar with a +0 trident!
You die...

#### #......... ..# #.........
#.###### ##......... #####
#####o#....####.........! .....
o..........+............. .....
..#.##.....# #....†..[.. .....
..#.##.....# #.......... .#####
..#.##.....####..###+#... ......
..#'##.....))...@....#.# ##....
..........####o####..#(# ##+###
##....#.#.##.....##..#.# #.....
#....#.#.#.......#..#.## #.....
#....#.#.#.......#.....# #.....
#....#......._.........# #.....
...(..##..#.......#.....####.....
......##..#.......#........+.....
......##..##.....##.....####.....


You could see an orc priest.

Vanquished Creatures
  An ogre (D:4)
  A howler monkey (D:1)
  2 orc wizards
  2 orc priests (D:3)
  3 adders
  An ooze (D:1)
  4 worms
  A dart slug (D:1)
  3 leopard geckos
  13 orcs
  2 ball pythons (D:3)
  13 giant cockroaches
  5 goblins
  9 hobgoblins
  7 jackals
  A quokka (D:3)
  8 bats
  7 frilled lizards
  5 kobolds
  10 rats
98 creatures vanquished.

Notes
Turn   | Place    | Note
-------+----------+-------------------------------------------
     0 | D:1      | nikopol the Deep Elf Fire Elementalist began the quest for
                  | the Orb.
     0 | D:1      | Reached XP level 1. HP: 10/10 MP: 6/6
   132 | D:1      | Reached XP level 2. HP: 15/15 MP: 4/8
   462 | D:1      | Reached XP level 3. HP: 19/19 MP: 5/9
   466 | D:1      | Learned a level 2 spell: Throw Flame
   470 | D:1      | Learned a level 3 spell: Conjure Flame
   813 | D:1      | Reached XP level 4. HP: 5/24 MP: 0/11
  1437 | D:2      | Learned a level 4 spell: Sticky Flame
  1530 | D:2      | Found a transporter.
  1534 | D:2      | Found a white marble altar of Elyvilon.
  1552 | D:2      | Found a transporter.
  1808 | D:3      | Reached XP level 5. HP: 28/28 MP: 10/13
  2334 | D:3      | Found a shimmering altar of Xom.
  2382 | D:3      | Reached skill level 5 in Fire Magic
  2916 | D:3      | Reached XP level 6. HP: 33/33 MP: 6/15
  3153 | D:4      | Reached skill level 5 in Spellcasting
  3392 | D:4      | Found a sparkling altar of Nemelex Xobeh.
  3469 | D:4      | HP: 1/33 [something (2)]
  3469 | D:4      | Mangled by an orc priest

Levels and vault maps discovered:
D:1:      ebering_trefoil_twist, layout_basic
D:2:      minmay_roachtagon, layout_rooms, gammafunk_temple_overflow_arena,
          first_ration
D:3:      layout_basic, old_standard_altar, st_stairs_5
D:4:      layout_basic, old_standard_altar, overflow_temple_1_default,
          grunt_temple_overflow_diamond

Skill      XL: |  1  2  3  4  5  6 |
---------------+-------------------+-----
Fire Magic     | 4 5 |  5.2
Stealth        | 3 |  3.2
Conjurations   | 2 3 |  3.7
Spellcasting   | 4 5 |  5.4
Dodging        | 3 |  3.0
Fighting       | |  0.7
Short Blades   | |  0.1

Action                   |  1- 3 |  4- 6 || total
-------------------------+-------+-------++-------
Melee: Dagger            |       |     2 ||     2
 Cast: Flame Tongue      |    50 |   137 ||   187
       Throw Flame       |       |     3 ||     3
       Conjure Flame     |       |     2 ||     2
       Sticky Flame      |       |     1 ||     1
  Eat: Chunk             |       |     8 ||     8
Armor: Robe              |     2 |     9 ||    11
Dodge: Dodged            |    17 |    33 ||    50

Table legend:
 A = Non-vault XP
 B = Vault XP
 C = Vault XP percentage of total XP
 D = Non-vault monster count
 E = Vault monster count
 F = Vault count percentage of total count
                 A         B        C        D         E       F
            +---------+---------+-------+---------+---------+-------
      Total |     531 |      30 |   5.3 |      84 |      14 |  14.3
            +---------+---------+-------+---------+---------+-------
        D:1 |      98 |       0 |   0.0 |      24 |       0 |   0.0
        D:2 |      50 |      20 |  28.6 |      20 |      10 |  33.3
        D:3 |     218 |      10 |   4.4 |      35 |       4 |  10.3
        D:4 |     165 |       0 |   0.0 |       5 |       0 |   0.0
            +---------+---------+-------+---------+---------+-------
